 Dungeon Crawl Stone Soup version 0.28.0-53-g5a82cb258f (webtiles) character file.

Game seed: 6900756125183837840

16 ILmort the Cudgeller (level 2, -7/26 HPs)
             Began as a Minotaur Berserker on Aug 14, 2022.
             Was a Follower of Trog.
             Mangled by a kobold
             ... wielding a +2 dagger of electrocution
              (16 damage)
             ... on level 2 of the Dungeon.
             The game lasted 00:02:06 (1178 turns).

ILmort the Cudgeller (Minotaur Berserker)           Turns: 1178, Time: 00:02:06

Health: -7/26      AC:  8    Str: 21    XL:     2   Next: 41%
Magic:  1/1        EV:  8    Int:  4    God:    Trog [*.....]
Gold:   23         SH:  0    Dex:  9    Spells: 1/1 levels left

rFire   . . .      SeeInvis .   a - +0 mace
rCold   . . .      Faith    .   (no shield)
rNeg    . . .      Spirit   .   g - +0 chain mail
rPois   .          Reflect  .   (helmet restricted)
rElec   .          Harm     .   (no cloak)
rCorr   .          Rampage  .   (no gloves)
Will    .....                   (no boots)
Stlth   ..........              (no amulet)
HPRegen 0.08/turn               (no ring)
MPRegen 0.07/turn               (no ring)

@: no status effects
A: horns 2, retaliatory headbutt
a: Renounce Religion, Berserk


You were on level 2 of the Dungeon.
You worshipped Trog.
Trog was aware of your devotion.
You visited 1 branch of the dungeon, and saw 2 of its levels.

You collected 23 gold pieces.

Inventory:

Hand Weapons
 a - a +0 mace (weapon)
Armour
 b - a +0 animal skin
 g - a +0 chain mail (worn)
Scrolls
 c - a scroll of identify {unknown}
 d - a scroll of summoning {unknown}
 e - a scroll of fear {unknown}
 f - 2 scrolls of magic mapping {unknown}
Potions
 h - a potion of mutation {unknown}


   Skills:
 - Level 3.6 Fighting
 + Level 4.7 Maces & Flails
 - Level 2.4 Armour
 - Level 2.1 Dodging


You had one spell level left.
You didn't know any spells.
Your spell library was empty.

Dungeon Overview and Level Annotations

Branches:
Dungeon (2/15)

Altars:

Shops:
D:1 =


Innate Abilities, Weirdness & Mutations

You have a pair of horns on your head.
You reflexively headbutt those who attack you in melee.


Message History

You finish taking off your +0 animal skin.
You start putting on your armour.
You continue putting on your +0 chain mail. x5
You finish putting on your +0 chain mail.
There is a dry fountain here.
There is a dry fountain here.
You now have 23 gold pieces (gained 10).
Key pressed, stopping explore.
Key pressed, stopping explore.
Done exploring.
Done exploring.
There is a stone staircase leading down here.
You climb downwards.
There is a stone staircase leading up here.
A bat comes into view.
The bat moves out of view.
The bat barely misses you. You furiously retaliate!
You headbutt the bat.
A bat is nearby!
You sock the bat!
You kill the bat!
Trog accepts your kill.
A worm comes into view.
You barely miss the worm. You sock the worm! The worm closely misses you.
You furiously retaliate!
You headbutt the worm. You sock the worm!
You kill the worm!
Trog accepts your kill.
h - a bubbling dark potion A kobold comes into view.
It is wielding a +2 dagger of electrocution.
A kobold is nearby!
A kobold is nearby!
The kobold hits you but does no damage.
You are electrocuted!
Ouch! That really hurt!
You are too injured to fight recklessly!
You are too injured to fight recklessly!
You barely miss the kobold. The kobold hits you but does no damage.
You are electrocuted!
Ouch! That really hurt!
You die...

....... .......
.#############.......
.....................
#..........#........
#....K@.##.#........
#############.##.#........
#.........................
#.###########.##.#.##########
#.#..............#...........
#.#.#########.###############
#.#...................
#.###########.########
###.###########.#


You could see a kobold.

Vanquished Creatures
  A worm (D:2)
  A dart slug (D:1)
  An endoplasm (D:1)
  A giant cockroach (D:1)
  A hobgoblin (D:1)
  A quokka (D:2)
  3 bats
  2 frilled lizards (D:1)
  A rat (D:1)
12 creatures vanquished.

Notes
Turn   | Place    | Note
-------+----------+-------------------------------------------
     0 | D:1      | ILmort the Minotaur Berserker began the quest for the Orb.
     0 | D:1      | Reached XP level 1. HP: 19/19 MP: 0/0
   142 | D:1      | Reached skill level 4 in Maces & Flails
   555 | D:1      | Reached XP level 2. HP: 26/26 MP: 1/1
   588 | D:1      | Found Comoz's Jewellery Shop.
   680 | D:1      | You fall into a shaft and drop 1 floor!
  1178 | D:2      | Mangled by a kobold

Illustrated notes

Levels and vault maps discovered:
D:1:      dpeg_arrival_chambers_temple_mockup, layout_loops_ring, serial_shops,
          shop_fountains
D:2:      cheibrodos_pilgrimage, layout_basic,
          shapermc_ecumenical_altar_mp_urbaneastern

Skill      XL: |  1 |
---------------+----+-----
Maces & Flails | 4 |  4.7
Fighting       | |  3.6
Armour         | |  2.4
Dodging        | |  2.1

Action                   || total
-------------------------++-------
Melee: Mace              ||    23
       Headbutt          ||     2
Armor: Animal skin       ||     4
       Chain mail        ||     2
Dodge: Dodged            ||    14
